 Dungeon Sprint DCSS version 0.22.1-1-ga44c0e5 (webtiles) character file.

161 Benis312 the Reanimator (level 5, -5/38 HPs)
             Began as a Demonspawn Necromancer on Nov 6, 2018.
             Was the Champion of Jiyva.
             Slain by a merfolk
             ... wielding a +0 trident
              (16 damage)
             ... in the Dungeon (Sprint V: "Ziggurat Sprint").
             The game lasted 00:07:06 (416 turns).

Benis312 the Reanimator (Demonspawn Necromancer)     Turns: 416, Time: 00:07:07

Health: -5/38      AC:  2    Str: 10    XL:     5   Next: 19%
Magic:  16/16      EV: 14    Int: 26    God:    Jiyva [******]
Gold:   0          SH:  0    Dex: 11    Spells: 9/10 levels left

rFire    . . .     SeeInvis +   E - +6 Majin-Bo {vamp, Archmagi MP+6 Int+6}
rCold    + + .     Gourm    .   (shield currently unavailable)
rNeg     . . .     Faith    .   (no armour)
rPois    .         Spirit   .   (helmet restricted)
rElec    +         Reflect  .   (no cloak)
rCorr    +         Harm     .   (no gloves)
rMut     +         NoTele   +   (no boots)
MR       +....                  (no amulet)
Stlth    +++.......             (no ring)
HPRegen  0.12/turn              (no ring)
MPRegen  0.15/turn

@: slimy
A: antennae 1, claws 1, talons 1, clever 1, cold resistance 2, demonic guardian
1, magic resistance 1, mutation resistance 3, robust 1, shaggy fur 1,
electricity resistance, eyeballs 3, gelatinous body 1, translucent skin 1,
tendrils, jelly sensing items, rot immunity
a: Request Jelly, Slimify, Cure Bad Mutation, Renounce Religion


You were in the Dungeon.
You worshipped Jiyva.
Jiyva was exalted by your worship.
You were completely stuffed.

You visited 1 branch

Inventory:

Hand Weapons
 E - the +6 Majin-Bo (weapon) {vamp, Archmagi MP+6 Int+6}
   (You found it in the Dungeon)

   It inflicts no extra harm, but heals its wielder when it wounds a living foe.
   It affects your intelligence (+6).
   It affects your magic capacity (+6).
Armour
 a - a +0 robe
 G - a +0 robe
Jewellery
 w - a +6 ring of dexterity
 x - a +6 ring of dexterity
 y - a +6 ring of intelligence
 z - a +6 ring of intelligence
 A - a +6 ring of strength
 B - a +6 ring of strength
 D - an uncursed ring of flight
Wands
 t - a wand of disintegration (7)
 u - a wand of iceblast (7)
 v - a wand of acid (7)
Scrolls
 i - 4 scrolls of blinking
 o - 4 scrolls of amnesia
 p - 7 scrolls of fog
 q - 5 scrolls of identify
 r - 5 scrolls of remove curse
 s - 2 scrolls of fear
Potions
 b - 2 potions of brilliance
 d - 10 potions of curing
 e - 10 potions of heal wounds
 f - 6 potions of haste
 g - 7 potions of magic
 h - 3 potions of berserk rage
 j - 2 potions of invisibility
 k - 4 potions of resistance
 l - a potion of experience
 m - 5 potions of agility
 n - 5 potions of might
Miscellaneous
 C - a lightning rod (4/4)
 F - a lamp of fire
Comestibles
 c - 5 rations


   Skills:
 + Level 1.2 Staves
 + Level 3.1 Dodging
 + Level 3.5 Stealth
 + Level 3.4 Spellcasting
 + Level 10.6 Necromancy


You had 9 spell levels left.
You knew the following spells:

 Your Spells              Type           Power        Failure   Level  Hunger
a - Pain                  Necr           ####         1%          1    None

Your spell library contained the following spells:

 Spells                   Type           Power        Failure   Level  Hunger
 Animate Skeleton         Necr           N/A          1%          1    None
 Vampiric Draining        Necr           ######....   1%          3    ###....
 Animate Dead             Necr           N/A          1%          4    ####...
 Regeneration             Chrm/Necr      #####.....   3%          3    ###....


Dungeon Overview and Level Annotations

Branches:
Dungeon (1/1)

Altars:
Ashenzari
Cheibriados
Dithmenos
Elyvilon
Fedhas
Gozag
Hepliaklqana
Kikubaaqudgha
Makhleb
Nemelex Xobeh
Okawaru
Qazlal
Ru
Sif Muna
Trog
Uskayaw
Vehumet
Wu Jian
Xom
Yredelemnul
Zin
The Shining One
Beogh
Jiyva
Lugonu

Annotations:
D 1 transporter


Innate Abilities, Weirdness & Mutations

You have a pair of small antennae on your head.
You have sharp fingernails.
A weak demonic guardian rushes to your aid.
You are immune to rotting.
You have sharp toenails.
Your mind is acute. (Int +2)
Your flesh is very cold resistant. (rC++)
You are resistant to hostile enchantments. (MR+)
You are almost entirely resistant to further mutation and mutation removal.
You are robust. (+10% HP)
You are covered in fur. (AC +1)
You are resistant to electric shocks. (rElec)
Your body is covered in golden eyes which may confuse attackers. (Acc +7, SInv)
Your rubbery body absorbs attacks. (AC +1, EV +1)
Your translucent skin slightly reduces your foes' accuracy. (Stealth)
You are covered in slimy tendrils that may disarm your opponents.
You have a small jelly attached to you that senses nearby items.


Message History

Found a transporter.
A thick mucus forms on the +6 Majin-Bo {vamp, Archmagi MP+6 Int+6}.
You hear a distant slurping noise.
You feel a little less hungry.
You feel your power returning.
The merfolk shouts!
You hear a distant slurping noise.
You feel a little less hungry.
You feel your power returning.
The merfolk shouts!
The merfolk closely misses you.
The merfolk hits you but does no damage.
The merfolk closely misses you.
You hear a distant slurping noise.
You feel a little less hungry. The merfolk hits you with a trident!!
You shudder from the blow and a jelly pops out!
The eyeballs on your body gaze at the merfolk.
The merfolk hits you from afar with a trident!
* * * LOW HITPOINT WARNING * * *
You shudder from the blow and a jelly pops out!
The merfolk hits you with a trident!
You die...

▓▓▓▓▓▓▓▓▓▓▓▓▓
▓.8©8.▓.8©8.▓
∆
▓.):).▓.....▓
▓mmm..▓.=.[.▓
▓..@..▓.....▓
▓5...J▓..)..▓
▓....J▓..©..▓
▓..©..▓▓▓▓▓▓▓
▓▓▓▓▓▓▓ { ∆
∆∆ ∆ ∆


You could see 3 merfolk, a friendly acid blob, a friendly death ooze and a
friendly iron imp.

Vanquished Creatures
  Sigmund (D)
1 creature vanquished.

Vanquished Creatures (collateral kills)
  Jessica (D)
1 creature vanquished.

Vanquished Creatures (others)
  the Lernaean hydra (D)
  Chuck (D)
  Erica (D)
  Prince Ribbit (D)
  4 jellies (D)
  An orc wizard (D)
  A shadow imp (D)
10 creatures vanquished.

Grand Total: 12 creatures vanquished

Notes
Turn   | Place    | Note
-------+----------+-------------------------------------------
     0 | D        | Found the +6 Majin-Bo {vamp, Archmagi MP+6 Int+6}
     0 | D        | Found the +7 great mace "Firestarter" {inner flame, rF++}
     0 | D        | Benis312 the Demonspawn Necromancer began the quest for the
                  | Orb.
     0 | D        | Reached XP level 1. HP: 13/13 MP: 3/3
     0 | D        | Found a deep blue altar of Sif Muna.
     0 | D        | Found a bloodstained altar of Trog.
     0 | D        | Found a sacrificial altar of Ru.
     0 | D        | Found a stormy altar of Qazlal.
     0 | D        | Found an iron altar of Okawaru.
     1 | D        | Found a sparkling altar of Nemelex Xobeh.
     1 | D        | Found a blossoming altar of Fedhas.
     3 | D        | Found a transporter.
     3 | D        | Found an ancient bone altar of Kikubaaqudgha.
     3 | D        | Found a viscous altar of Jiyva.
     3 | D        | Found a corrupted altar of Lugonu.
     3 | D        | Found a hazy altar of Hepliaklqana.
     3 | D        | Found a burning altar of Makhleb.
     3 | D        | Found an opulent altar of Gozag.
    53 | D        | Found the +6 shillelagh "Devastator" {shatter}
    53 | D        | Found the +8 lance "Wyrmbane" {slay drac, rPois rF+ rC+
                  | AC+3}
    53 | D        | Found the +9 sword of Zonguldrok {reap}
    53 | D        | Found the cursed +13 scythe of Curses {drain, *Curse}
    53 | D        | Found the +0 sword of Power
    53 | D        | Found the +7 mace of Variability {chain chaos}
    53 | D        | Found the +7 Singing Sword
    53 | D        | Found the +7 longbow "Piercer" {penet, EV-2}
    54 | D        | Found the +9 heavy crossbow "Sniper" {velocity, Acc+∞ SInv}
    54 | D        | Found the +10 dark maul {crush}
    54 | D        | Found the +15 Maxwell's patent armour {-Cast -Tele rElec
                  | MR+ rCorr}
    54 | D        | Found the +18 shield of the Gong {rElec rN+ MR+ EV-5}
    54 | D        | Found the cursed +14 obsidian axe {chop, +Fly SInv *Curse}
   129 | D        | Became a worshipper of Jiyva Jirauh the Shapeless
   135 | D        | Reached * piety under Jiyva
   135 | D        | Reached ** piety under Jiyva
   135 | D        | Reached *** piety under Jiyva
   135 | D        | Gained mutation: You are covered in fur. (AC +1) [Jiyva's
                  | grace]
   137 | D        | Reached **** piety under Jiyva
   137 | D        | Reached ***** piety under Jiyva
   137 | D        | Gained mutation: Your magical capacity is low. (-10% MP)
                  | [Jiyva's grace]
   139 | D        | Lost mutation: Your magical capacity is low. (-10% MP)
                  | [Jiyva's grace]
   140 | D        | Reached ****** piety under Jiyva
   144 | D        | Lost mutation: You are covered in fur. (AC +1) [Jiyva's
                  | grace]
   144 | D        | Gained mutation: Your flesh is heat resistant. (rF+)
                  | [Jiyva's grace]
   144 | D        | Gained mutation: Your body has grown golden eyes which may
                  | confuse attackers. (Acc +3) [Jiyva's grace]
   144 | D        | Gained mutation: You are agile. (Dex +2) [Jiyva's grace]
   147 | D        | Gained mutation: Your translucent skin slightly reduces
                  | your foes' accuracy. (Stealth) [Jiyva's grace]
   147 | D        | Gained mutation: You expend magic power (3 MP) to
                  | strengthen your wands. [Jiyva's grace]
   147 | D        | Gained mutation: Your body has grown many golden eyes which
                  | may confuse attackers. (Acc +5) [Jiyva's grace]
   147 | D        | Lost mutation: You expend magic power (3 MP) to strengthen
                  | your wands. [Jiyva's grace]
   149 | D        | Gained mutation: You can translocate small distances at
                  | will. [Jiyva's grace]
   149 | D        | Lost mutation: You are agile. (Dex +2) [Jiyva's grace]
   149 | D        | Lost mutation: Your flesh is heat resistant. (rF+) [Jiyva's
                  | grace]
   151 | D        | Gained mutation: You have a pair of small horns on your
                  | head. [Jiyva's grace]
   151 | D        | Gained mutation: Your translucent skin reduces your foes'
                  | accuracy. (Stealth) [Jiyva's grace]
   152 | D        | Lost mutation: You can translocate small distances at will.
                  | [Jiyva's grace]
   153 | D        | Gained mutation: Your rubbery body absorbs attacks. (AC +1,
                  | EV +1) [Jiyva's grace]
   157 | D        | Gained mutation: Your mind is acute. (Int +2) [Jiyva's
                  | grace]
   163 | D        | Lost mutation: Your mind is acute. (Int +2) [Jiyva's grace]
   166 | D        | Gained mutation: You have acidic saliva. [Jiyva's grace]
   170 | D        | Gained mutation: You are robust. (+10% HP) [Jiyva's grace]
   170 | D        | Lost mutation: Your translucent skin reduces your foes'
                  | accuracy. (Stealth) [Jiyva's grace]
   172 | D        | Lost mutation: You have a pair of small horns on your head.
                  | [Jiyva's grace]
   179 | D        | Lost mutation: Your translucent skin slightly reduces your
                  | foes' accuracy. (Stealth) [Jiyva's grace]
   179 | D        | Gained mutation: Your pliable body absorbs attacks. (AC +2,
                  | EV +2) [Jiyva's grace]
   179 | D        | Gained mutation: You are covered in slimy tendrils that may
                  | disarm your opponents. [Jiyva's grace]
   179 | D        | Gained mutation: You are agile. (Dex +2) [Jiyva's grace]
   181 | D        | Lost mutation: Your body has grown many golden eyes which
                  | may confuse attackers. (Acc +5) [Jiyva's grace]
   181 | D        | Gained mutation: Your mind is acute. (Int +2) [Jiyva's
                  | grace]
   183 | D        | Gained mutation: Your natural rate of healing is unusually
                  | fast. [Jiyva's grace]
   183 | D        | Gained mutation: Armour fits poorly on your pseudopods.
                  | [Jiyva's grace]
   183 | D        | Lost mutation: You are agile. (Dex +2) [Jiyva's grace]
   183 | D        | Gained mutation: You are somewhat resistant to further
                  | mutation. [Jiyva's grace]
   183 | D        | Gained mutation: You have large cloven feet. [Jiyva's
                  | grace]
   186 | D        | Gained mutation: Your system is resistant to poisons.
                  | (rPois) [Jiyva's grace]
   188 | D        | Killed an orc wizard
   190 | D        | Lost mutation: You are somewhat resistant to further
                  | mutation. [Jiyva's grace]
   192 | D        | Lost mutation: You have acidic saliva. [Jiyva's grace]
   198 | D        | Gained mutation: You are somewhat resistant to further
                  | mutation. [Jiyva's grace]
   201 | D        | Gained mutation: Your gelatinous body deflects attacks. (AC
                  | +3, EV +3) [Jiyva's grace]
   205 | D        | Gained mutation: You are resistant to hostile enchantments.
                  | (MR+) [Jiyva's grace]
   209 | D        | Lost mutation: Your system is resistant to poisons. (rPois)
                  | [Jiyva's grace]
   215 | D        | Gained mutation: You are resistant to electric shocks.
                  | (rElec) [Jiyva's grace]
   223 | D        | Gained mutation: Your translucent skin slightly reduces
                  | your foes' accuracy. (Stealth) [Jiyva's grace]
   227 | D        | Gained mutation: You can translocate small distances at
                  | will. [Jiyva's grace]
   231 | D        | Gained mutation: Your flesh is heat resistant. (rF+)
                  | [Jiyva's grace]
   233 | D        | Lost mutation: You are resistant to hostile enchantments.
                  | (MR+) [Jiyva's grace]
   236 | D        | Lost mutation: Armour fits poorly on your pseudopods.
                  | [Jiyva's grace]
   240 | D        | Lost mutation: You are somewhat resistant to further
                  | mutation. [Jiyva's grace]
   240 | D        | Gained mutation: You evolve. [Jiyva's grace]
   244 | D        | Lost mutation: You evolve. [Jiyva's grace]
   244 | D        | Gained mutation: You are somewhat resistant to further
                  | mutation. [Jiyva's grace]
   247 | D        | Lost mutation: You are robust. (+10% HP) [Jiyva's grace]
   250 | D        | Gained mutation: Your body has grown many golden eyes which
                  | may confuse attackers. (Acc +5) [Jiyva's grace]
   257 | D        | Killed Chuck
   257 | D        | Lost mutation: Your flesh is heat resistant. (rF+) [Jiyva's
                  | grace]
   261 | D        | Gained mutation: You are somewhat resistant to both further
                  | mutation and mutation removal. [Jiyva's grace]
   265 | D        | Gained mutation: Your translucent skin reduces your foes'
                  | accuracy. (Stealth) [Jiyva's grace]
   271 | D        | Lost mutation: You have large cloven feet. [Jiyva's grace]
   277 | D        | Gained mutation: Your body is covered in golden eyes which
                  | may confuse attackers. (Acc +7, SInv) [Jiyva's grace]
   285 | D        | Lost mutation: Your translucent skin reduces your foes'
                  | accuracy. (Stealth) [Jiyva's grace]
   290 | D        | Gained mutation: You are almost entirely resistant to
                  | further mutation and mutation removal. [Jiyva's grace]
   294 | D        | Lost mutation: Your body is covered in golden eyes which
                  | may confuse attackers. (Acc +7, SInv) [Jiyva's grace]
   300 | D        | Gained mutation: You are covered in fur. (AC +1) [Jiyva's
                  | grace]
   305 | D        | Lost mutation: Your gelatinous body deflects attacks. (AC
                  | +3, EV +3) [Jiyva's grace]
   309 | D        | Gained mutation: Your body is covered in golden eyes which
                  | may confuse attackers. (Acc +7, SInv) [Jiyva's grace]
   311 | D        | Gained mutation: Your flesh is cold resistant. (rC+)
                  | [Jiyva's grace]
   315 | D        | Lost mutation: You are almost entirely resistant to further
                  | mutation and mutation removal. [Jiyva's grace]
   316 | D        | Killed the 27-headed Lernaean hydra
   317 | D        | Lost mutation: Your translucent skin slightly reduces your
                  | foes' accuracy. (Stealth) [Jiyva's grace]
   317 | D        | Gained mutation: You have sharp toenails. [Jiyva's grace]
   317 | D        | Gained mutation: You have a small jelly attached to you
                  | that senses nearby items. [Jiyva's grace]
   321 | D        | Lost mutation: You can translocate small distances at will.
                  | [Jiyva's grace]
   332 | D        | Lost mutation: You have sharp toenails. [Jiyva's grace]
   341 | D        | Gained mutation: You have sharp toenails. [Jiyva's grace]
   346 | D        | Killed Erica
   353 | D        | Lost mutation: Your natural rate of healing is unusually
                  | fast. [Jiyva's grace]
   359 | D        | Entered arena 2.
   359 | D        | Noticed Sigmund
   359 | D        | Noticed Jessica
   359 | D        | Found a transporter.
   367 | D        | Killed Sigmund
   367 | D        | Reached skill level 1 in Staves
   367 | D        | Reached skill level 10 in Necromancy
   367 | D        | Gained mutation: You are immune to rotting. [demonic
                  | ancestry]
   367 | D        | Reached XP level 2. HP: 19/19 MP: 6/6
   367 | D        | Gained mutation: You have sharp fingernails. [demonic
                  | ancestry]
   367 | D        | Reached XP level 3. HP: 24/24 MP: 7/7
   367 | D        | Gained mutation: A weak demonic guardian rushes to your
                  | aid. [demonic ancestry]
   367 | D        | Reached XP level 4. HP: 30/30 MP: 9/9
   367 | D        | Gained mutation: You have a pair of small antennae on your
                  | head. [demonic ancestry]
   367 | D        | Reached XP level 5. HP: 35/35 MP: 10/10
   367 | D        | Gained mutation: You are resistant to hostile enchantments.
                  | (MR+) [Jiyva's grace]
   370 | D        | Killed Jessica
   375 | D        | Gained mutation: Your flesh is very cold resistant. (rC++)
                  | [Jiyva's grace]
   379 | D        | Gained mutation: You are almost entirely resistant to
                  | further mutation and mutation removal. [Jiyva's grace]
   383 | D        | Killed Prince Ribbit
   385 | D        | Gained mutation: Your translucent skin slightly reduces
                  | your foes' accuracy. (Stealth) [Jiyva's grace]
   394 | D        | Lost mutation: Your pliable body absorbs attacks. (AC +2,
                  | EV +2) [Jiyva's grace]
   404 | D        | Gained mutation: You are robust. (+10% HP) [Jiyva's grace]
   412 | D        | Entered arena 3.
   412 | D        | Noticed a merfolk
   412 | D        | Noticed a merfolk
   412 | D        | Noticed a merfolk
   412 | D        | Found a transporter.
   416 | D        | Slain by a merfolk

Skill      XL: |  1 |
---------------+----+-----
Staves         | 1 |  1.2
Dodging        | 3 |  3.1
Stealth        | 3 |  3.5
Spellcasting   | 3 |  3.4
Necromancy     | 10 | 10.6

Action                   |  1- 3 |  4- 6 || total
-------------------------+-------+-------++-------
Melee: Quarterstaff      |     5 |       ||     5
Invok: Request Jelly     |     1 |       ||     1
       Slimify           |       |     1 ||     1
 Stab: Confused          |     1 |       ||     1
  Eat: Ration            |     2 |       ||     2
Armor: Robe              |     1 |     1 ||     2
Dodge: Dodged            |     4 |     2 ||     6
